 Dungeon Crawl Stone Soup version 0.22-a0-619-ga0c6fd2 (webtiles) character file.

392 Amnesiac the Magician (level 6, 0/41 HPs)
             Began as a Mummy Earth Elementalist on July 14, 2018.
             Slain by a gnoll
             ... wielding a +0 halberd
              (14 damage)
             ... on level 4 of the Dungeon.
             The game lasted 00:06:33 (4504 turns).

Amnesiac the Magician (Mummy Earth Elementalist)    Turns: 4504, Time: 00:06:34

Health: 0/41       AC:  7    Str: 11    XL:     6   Next: 51%
Magic:  11/13      EV: 12    Int: 16    God:
Gold:   118        SH:  0    Dex: 13    Spells: 4/14 levels left

rFire    . . .     SeeInvis .   h - +1 short sword (vamp)
rCold    . . .     Gourm    .   (no shield)
rNeg     + + +     Faith    .   c - +0 robe
rPois    ∞         Spirit   .   n - +0 helmet
rElec    .         Reflect  .   p - +2 cloak {MR+}
rCorr    .         Harm     .   k - +0 pair of gloves
MR       +....                  (no boots)
Stlth    +++.......             (no amulet)
HPRegen  0.13/turn              f - ring of stealth
MPRegen  0.13/turn              l - ring of fire

@: no status effects
A: no food or potions, fire vulnerability, cold resistance 1, negative energy
resistance 3, torment resistance, unbreathing
a: no special abilities


You were on level 4 of the Dungeon.
You were not hungry.

You visited 1 branch of the dungeon, and saw 4 of its levels.

You collected 118 gold pieces.

Inventory:

Hand Weapons
 h - a +1 vampiric short sword (weapon)
Missiles
 b - 157 stones (quivered)
Armour
 c - a +0 robe (worn)
 k - a +0 pair of gloves (worn)
 n - a +0 helmet (worn)
 p - a +2 cloak of magic resistance (worn)
Jewellery
 f - a ring of stealth (left hand)
 l - a ring of fire (right hand)
Scrolls
 a - a scroll of random uselessness {!r, unknown}
 d - a scroll of remove curse {!r, unknown}
 e - 4 scrolls of magic mapping {!r, unknown}
 g - 8 scrolls of identify {!r, unknown}
 i - a scroll of enchant armour {!r, unknown}
 j - a scroll of teleportation {!r, unknown}
 m - a scroll of fear {!r, unknown}
 o - a scroll of fog {!r, unknown}


   Skills:
 + Level 1.8 Short Blades
 - Level 1.5 Dodging
 - Level 2.0 Stealth
 + Level 4.8 Spellcasting
 - Level 1.0 Transmutations
 * Level 4.8 Earth Magic


You had 4 spell levels left.
You knew the following spells:

 Your Spells              Type           Power        Failure   Level  Hunger
a - Sandblast             Erth           ###...       2%          1    N/A
b - Passwall              Tmut/Erth      ##......     7%          2    N/A
c - Stone Arrow           Conj/Erth      ##....       17%         3    N/A
e - Petrify               Tmut/Erth      ##......     43%         4    N/A

Your spell library contained the following spells:

 Spells                   Type           Power        Failure   Level  Hunger
 Magic Dart               Conj           #...         16%         1    N/A
 Iskenderun's Mystic Bla  Conj           #.......     83%         4    N/A
 Lee's Rapid Deconstruct  Erth           ###.......   52%         5    N/A
 Fulminant Prism          Conj/Hex       #.........   83%         4    N/A
 Dazzling Spray           Conj/Hex       #.....       43%         3    N/A
 Force Lance              Conj/Tloc      #.......     83%         4    N/A
 Searing Ray              Conj           #.....       24%         2    N/A

Dungeon Overview and Level Annotations

Branches:
Dungeon (4/15)
 Temple: D:4-7

Altars:
Okawaru


Innate Abilities, Weirdness & Mutations

You do not eat or drink.
Your flesh is vulnerable to fire.
You are immune to poison.
Your flesh is cold resistant. (rC+)
You are immune to negative energy. (rN+++)
You are immune to unholy pain and torment.
You can survive without breathing.


Message History

You barely miss the gnoll.
The gnoll is moderately wounded.
The gnoll hits you.
* * * LOW HITPOINT WARNING * * *
You hit the gnoll.
You feel better.
The gnoll is severely wounded.
The gnoll barely misses you.
You hit the gnoll.
You feel better.
You kill the gnoll!
You swing at nothing.
You swing at nothing.
You swing at nothing.
Items here: ) ††† a whip; a frilled lizard corpse; a gnoll corpse x2
You start resting.
HP restored.
You start resting.
HP restored.
Found a stone staircase leading down.
The gnoll shouts!
The gnoll is too close now for your liking.
A gnoll is nearby!
A gnoll is nearby!
You closely miss the gnoll. The gnoll hits you.
You hit the gnoll.
You feel better.
The gnoll is moderately wounded.
The gnoll closely misses you.
You hit the gnoll.
The gnoll is heavily wounded.
The gnoll barely misses you.
You barely miss the gnoll.
The gnoll is heavily wounded.
The gnoll hits you.
You barely miss the gnoll.
The gnoll is heavily wounded.
The gnoll closely misses you.
You closely miss the gnoll.
The gnoll is heavily wounded.
The gnoll barely misses you.
You closely miss the gnoll.
The gnoll is heavily wounded.
The gnoll hits you from afar with a halberd!
The gnoll hits you.
* * * LOW HITPOINT WARNING * * *
There is a stone staircase leading down here.
The gnoll closely misses you. The gnoll hits you.
* * * LOW HITPOINT WARNING * * *
Casting: Passwall (safe; 7% risk of failure)
Confirm with . or Enter, or press ? or * to list all spells.
Aiming: Sandblast (safe; 2% risk of failure)
Press: ? - help, Shift-Dir - straight line, f - gnoll
Aim: a gnoll (heavily wounded)
The blast of sand hits the gnoll.
You kill the gnoll!
b - 158 stones
Casting: Sandblast (safe; 2% risk of failure)
Confirm with . or Enter, or press ? or * to list all spells.
Aiming: Sandblast (safe; 2% risk of failure)
Press: ? - help, Shift-Dir - straight line, f - gnoll
Aim: a gnoll, wielding a halberd The blast of sand misses the gnoll.
b - 157 stones The gnoll hits you from afar with a halberd!
You die...

## .. ###.#####
........### ##
#.>..# .g #..#.#
#g #.g#g# #g
#..#†# #g #..#@#
#. ...#.#
######.######..#.#
...............#.#
.....####)######.#
.l. #........# .
####.##### #.####
#....#


You could see a gnoll.

Vanquished Creatures
  An orc priest (D:3)
  Crazy Yiuf (D:3)
  Jessica (D:3)
  2 orc wizards (D:3)
  5 adders
  6 gnolls (D:4)
  A shadow imp (D:2)
  An adder zombie (D:2)
  6 worms
  3 dart slugs
  4 leopard geckos
  5 orcs
  6 bats
  3 bat skeletons (D:2)
  A bat zombie (D:2)
  2 giant cockroaches
  8 goblins
  15 hobgoblins
  11 jackals (D:1)
  14 kobolds
  3 frilled lizards
  A jackal zombie (D:2)
  A quokka skeleton (D:2)
  7 rats
108 creatures vanquished.

Notes
Turn   | Place    | Note
-------+----------+-------------------------------------------
     0 | D:1      | Amnesiac the Mummy Earth Elementalist began the quest for the Orb.
     0 | D:1      | Reached XP level 1. HP: 13/13 MP: 4/4
   121 | D:1      | Reached XP level 2. HP: 5/19 MP: 2/5
   125 | D:1      | Learned a level 2 spell: Passwall
   624 | D:2      | Reached skill level 1 in Transmutations
   868 | D:2      | Reached XP level 3. HP: 19/24 MP: 3/7
  1090 | D:3      | Found an iron altar of Okawaru.
  1326 | D:2      | Reached XP level 4. HP: 17/30 MP: 7/9
  2486 | D:1      | Learned a level 3 spell: Stone Arrow
  2491 | D:1      | Learned a level 4 spell: Petrify
  2989 | D:3      | Reached XP level 5. HP: 34/35 MP: 4/11
  3319 | D:3      | Reached skill level 1 in Short Blades
  3484 | D:3      | Noticed Jessica
  3490 | D:3      | Killed Jessica
  3548 | D:3      | Found a runed door.
  3732 | D:3      | Reached XP level 6. HP: 31/41 MP: 8/12
  3997 | D:3      | Noticed Crazy Yiuf
  4021 | D:3      | Killed Crazy Yiuf
  4504 | D:4      | Slain by a gnoll

Vault maps used:
D:1:      scummos_arrival_forest
D:2:      serial_undead, serial_undead_e, serial_undead_f, serial_undead_b,
          serial_undead_a, serial_undead_c, serial_undead_c, serial_undead_d,
          minmay_misc_feat_room
D:3:      overflow_temple_1_default, uniq_jessica, uniq_crazy_yiuf_cottage
D:4:      first_ration, roderic_lattice_a

Skill      XL: |  1  2  3  4  5 |
---------------+----------------+-----
Spellcasting   | 3 4 |  4.8
Transmutations | 1 |  1.0
Earth Magic    | 3 4 |  4.8
Stealth        | 2 |  2.0
Short Blades   | 1 |  1.8
Dodging        | |  1.5

Action                   |  1- 3 |  4- 6 || total
-------------------------+-------+-------++-------
Melee: Short sword       |   117 |   289 ||   406
 Cast: Sandblast         |    18 |    49 ||    67
       Passwall          |     1 |     1 ||     2
       Petrify           |       |     1 ||     1
 Stab: Sleeping          |     2 |     9 ||    11
       Distracted        |       |     1 ||     1
Armor: Robe              |    31 |    66 ||    97
Dodge: Dodged            |   125 |   228 ||   353

Table legend:
 A = Spawn XP
 B = Non-spawn XP
 C = Spawn XP percentage of total XP
 D = Spawn monster count
 E = Non-spawn monster count
 F = Spawn count percentage of total count
 G = Total turns spent on level
                    A         B        C        D         E        F      G
               +---------+---------+-------+---------+---------+-------+---------
         Total |       0 |     561 |   0.0 |       0 |     108 |   0.0 |  4504
               +---------+---------+-------+---------+---------+-------+---------
           D:1 |       0 |      69 |   0.0 |       0 |      37 |   0.0 |  1431
           D:2 |       0 |     111 |   0.0 |       0 |      34 |   0.0 |  1466
           D:3 |       0 |     294 |   0.0 |       0 |      30 |   0.0 |  1310
           D:4 |       0 |      87 |   0.0 |       0 |       7 |   0.0 |   297
               +---------+---------+-------+---------+---------+-------+---------
